[ AOE2 MATCH · #480952595 ]
1v1 RMMagyars vs Mapuche
Player's team · LOSS
Rival team · WIN
[ REPLAY ANALYSIS · EXTRACTED FROM THE RECORDED GAME ]
Feudal
8:55
Castle
20:23
Imperial
44:00
| APM avg | 48.7 |
| APM peak | 112 |
| eAPM avg | 16.0 |
| Villagers / military | 82 / 122 |
Focus
⚔️ 41.9% · 🌾 58.1%
Cavalry Archer ×68 · Scout Cavalry ×39 · Petard ×7 · Scorpion ×3 · Mangonel ×2 · Trebuchet (Packed) ×2
Feudal
9:09
Castle
18:53
Imperial
38:09
| APM avg | 41.0 |
| APM peak | 63 |
| eAPM avg | 22.6 |
| Villagers / military | 135 / 199 |
Focus
⚔️ 33.5% · 🌾 66.5%
Skirmisher ×107 · Bolas Rider ×66 · Kona ×13 · Spearman ×5 · Trebuchet (Packed) ×4 · Archer ×3
Match map
Initial resources + every placement click. Lines = walls · curves = elevation contours. ◆ gold · ⬟ stone · ● berries · ✦ relic · ◌ wall gap
Your base· Open — unwalled flank
tuckerAOE's base· ✓ Closed at 18:53 · 12t walls · 1 gate(s)
Smoothed initial terrain · ◌ = detected wall gap · hover for details
Inputs per minute
— incolor - - tuckerAOE
Build order — incolor
First 150 of 341 actions detected
| 0:00 | Create | Villager (Male) |
| 0:00 | Create | Villager (Male) |
| 0:01 | Create | Villager (Male) |
| 0:01 | Create | Villager (Male) |
| 0:02 | Build | House |
| 0:03 | Build | House |
| 1:36 | Create | Villager (Male) |
| 1:37 | Create | Villager (Male) |
| 2:02 | Create | Villager (Male) |
| 2:03 | Create | Villager (Male) |
| 2:15 | Build | Lumber Camp |
| 2:20 | Create | Villager (Male) |
| 2:20 | Create | Villager (Male) |
| 2:49 | Create | Villager (Male) |
| 2:50 | Create | Villager (Male) |
| 3:16 | Create | Villager (Male) |
| 3:16 | Create | Villager (Male) |
| 3:44 | Create | Villager (Male) |
| 3:54 | Build | House |
| 4:03 | Create | Villager (Male) |
| 4:03 | Create | Villager (Male) |
| 4:27 | Create | Villager (Male) |
| 4:59 | Create | Villager (Male) |
| 5:04 | Build | Mill |
| 5:11 | Create | Villager (Male) |
| 5:11 | Create | Villager (Male) |
| 5:11 | Create | Villager (Male) |
| 5:46 | Create | Villager (Male) |
| 6:15 | Research | Loom |
| 6:45 | Research | Feudal Age |
| 6:46 | Research | Feudal Age |
| 7:54 | Build | Barracks |
| 8:04 | Build | House |
| 8:06 | Build | Palisade Wall |
| 8:08 | Build | House |
| 8:55 | Age | Feudal Age |
| 8:58 | Build | Stable |
| 9:05 | Create | Villager (Male) |
| 9:06 | Create | Villager (Male) |
| 9:10 | Research | Double-Bit Axe |
| 9:11 | Research | Double-Bit Axe |
| 9:39 | Build | House |
| 9:40 | Build | House |
| 9:46 | Create | Scout Cavalry |
| 9:46 | Create | Scout Cavalry |
| 10:00 | Build | House |
| 10:04 | Create | Villager (Male) |
| 10:04 | Create | Villager (Male) |
| 10:07 | Build | Farm |
| 10:08 | Build | Farm |
| 10:35 | Create | Scout Cavalry |
| 10:35 | Create | Scout Cavalry |
| 10:38 | Create | Villager (Male) |
| 10:43 | Build | Farm |
| 10:59 | Build | Palisade Wall |
| 11:01 | Build | Palisade Wall |
| 11:07 | Build | Farm |
| 11:26 | Create | Villager (Male) |
| 11:26 | Create | Villager (Male) |
| 11:41 | Create | Villager (Male) |
| 11:43 | Create | Scout Cavalry |
| 12:05 | Build | Farm |
| 12:06 | Build | Farm |
| 12:12 | Build | Farm |
| 12:29 | Create | Scout Cavalry |
| 12:38 | Build | Palisade Wall |
| 12:47 | Create | Villager (Male) |
| 12:47 | Create | Villager (Male) |
| 12:54 | Build | Mining Camp |
| 13:10 | Build | Palisade Wall |
| 13:15 | Create | Villager (Male) |
| 13:17 | Build | Farm |
| 13:37 | Build | House |
| 13:38 | Build | House |
| 14:07 | Build | Farm |
| 14:08 | Build | Farm |
| 14:15 | Build | Palisade Wall |
| 14:19 | Create | Villager (Male) |
| 14:19 | Create | Villager (Male) |
| 14:22 | Build | House |
| 14:30 | Research | Horse Collar |
| 14:37 | Build | Farm |
| 14:37 | Build | Farm |
| 14:52 | Create | Villager (Male) |
| 14:53 | Create | Villager (Male) |
| 15:24 | Build | Blacksmith |
| 15:36 | Create | Villager (Male) |
| 15:56 | Create | Villager (Male) |
| 16:03 | Build | Farm |
| 16:13 | Build | Palisade Wall |
| 16:36 | Build | Farm |
| 16:51 | Create | Villager (Male) |
| 17:05 | Build | Farm |
| 17:11 | Build | Lumber Camp |
| 17:18 | Create | Villager (Male) |
| 17:18 | Create | Villager (Male) |
| 17:31 | Build | Farm |
| 17:41 | Research | Castle Age |
| 17:42 | Research | Castle Age |
| 18:13 | Research | Fletching |
| 18:28 | Build | Archery Range |
| 18:33 | Research | Padded Archer Armor |
| 18:47 | Research | Gold Mining |
| 18:47 | Research | Gold Mining |
| 19:19 | Build | Archery Range |
| 19:36 | Research | Bloodlines |
| 20:23 | Age | Castle Age |
| 20:27 | Build | Siege Workshop |
| 20:29 | Create | Cavalry Archer |
| 20:29 | Create | Cavalry Archer |
| 20:30 | Create | Cavalry Archer |
| 20:30 | Create | Cavalry Archer |
| 20:31 | Research | Bodkin Arrow |
| 20:33 | Create | Villager (Male) |
| 20:33 | Create | Villager (Male) |
| 21:19 | Create | Scorpion |
| 21:20 | Create | Scorpion |
| 21:29 | Create | Cavalry Archer |
| 21:29 | Create | Cavalry Archer |
| 21:30 | Create | Cavalry Archer |
| 21:51 | Research | Husbandry |
| 21:52 | Research | Leather Archer Armor |
| 22:11 | Build | University |
| 22:17 | Create | Scorpion |
| 22:19 | Create | Villager (Male) |
| 22:19 | Create | Villager (Male) |
| 22:24 | Build | Lumber Camp |
| 22:40 | Create | Villager (Male) |
| 22:46 | Create | Cavalry Archer |
| 23:10 | Build | House |
| 23:12 | Build | House |
| 23:47 | Research | Ballistics |
| 23:51 | Build | House |
| 23:53 | Build | Farm |
| 24:26 | Create | Villager (Male) |
| 24:27 | Create | Villager (Male) |
| 24:31 | Create | Cavalry Archer |
| 24:32 | Create | Cavalry Archer |
| 24:32 | Create | Cavalry Archer |
| 24:44 | Build | Farm |
| 24:46 | Build | Farm |
| 24:53 | Create | Cavalry Archer |
| 24:54 | Create | Cavalry Archer |
| 25:05 | Create | Villager (Male) |
| 25:05 | Create | Villager (Male) |
| 25:13 | Build | Mining Camp |
| 25:32 | Build | Farm |
| 25:48 | Build | House |
| 26:32 | Create | Cavalry Archer |
| 26:32 | Create | Cavalry Archer |
Build order — tuckerAOE
First 150 of 458 actions detected
| 0:02 | Create | Villager (Male) |
| 0:03 | Create | Villager (Male) |
| 0:04 | Build | House |
| 0:05 | Build | House |
| 0:06 | Create | Villager (Male) |
| 0:06 | Create | Villager (Male) |
| 1:49 | Create | Villager (Male) |
| 1:49 | Create | Villager (Male) |
| 1:49 | Create | Villager (Male) |
| 1:52 | Build | Settlement |
| 2:19 | Create | Villager (Male) |
| 3:14 | Create | Villager (Male) |
| 3:14 | Create | Villager (Male) |
| 3:14 | Create | Villager (Male) |
| 3:15 | Create | Villager (Male) |
| 4:15 | Create | Villager (Male) |
| 4:15 | Create | Villager (Male) |
| 4:49 | Create | Villager (Male) |
| 4:49 | Create | Villager (Male) |
| 4:50 | Create | Villager (Male) |
| 4:50 | Create | Villager (Male) |
| 4:50 | Create | Villager (Male) |
| 5:02 | Build | Settlement |
| 6:30 | Research | Loom |
| 6:59 | Research | Feudal Age |
| 7:31 | Build | Barracks |
| 7:40 | Build | House |
| 7:42 | Build | House |
| 7:48 | Create | Villager (Male) |
| 9:09 | Age | Feudal Age |
| 9:10 | Research | Double-Bit Axe |
| 9:13 | Create | Spearman |
| 9:26 | Build | Market |
| 9:28 | Create | Villager (Male) |
| 9:52 | Research | Horse Collar |
| 9:55 | Create | Spearman |
| 10:01 | Build | House |
| 10:14 | Create | Villager (Male) |
| 10:14 | Create | Villager (Male) |
| 10:30 | Create | Spearman |
| 10:46 | Build | House |
| 11:03 | Create | Villager (Male) |
| 11:03 | Create | Villager (Male) |
| 11:04 | Build | Farm |
| 11:06 | Build | Farm |
| 11:13 | Build | Farm |
| 11:17 | Create | Villager (Male) |
| 11:22 | Build | Archery Range |
| 11:41 | Create | Villager (Male) |
| 11:45 | Build | Farm |
| 11:51 | Create | Villager (Male) |
| 11:52 | Create | Villager (Male) |
| 11:55 | Build | Farm |
| 12:11 | Create | Spearman |
| 12:12 | Create | Spearman |
| 12:19 | Build | House |
| 12:23 | Create | Villager (Male) |
| 12:37 | Build | Palisade Wall |
| 12:50 | Build | House |
| 12:53 | Build | Farm |
| 13:14 | Build | Farm |
| 13:17 | Create | Villager (Male) |
| 13:40 | Build | Farm |
| 14:07 | Create | Villager (Male) |
| 14:07 | Create | Villager (Male) |
| 14:09 | Build | Farm |
| 14:09 | Build | Farm |
| 14:09 | Build | Farm |
| 14:09 | Build | Farm |
| 14:10 | Build | Farm |
| 14:15 | Build | House |
| 14:35 | Build | Farm |
| 14:40 | Build | Farm |
| 14:52 | Create | Villager (Male) |
| 15:00 | Build | Farm |
| 15:06 | Build | Farm |
| 15:16 | Build | Farm |
| 15:27 | Create | Villager (Male) |
| 16:13 | Research | Castle Age |
| 16:13 | Research | Castle Age |
| 16:24 | Build | Blacksmith |
| 16:39 | Build | House |
| 17:07 | Build | Archery Range |
| 17:25 | Research | Fletching |
| 17:49 | Research | Gold Mining |
| 17:52 | Create | Villager (Male) |
| 17:52 | Create | Villager (Male) |
| 18:10 | Build | Palisade Gate |
| 18:39 | Research | Padded Archer Armor |
| 18:53 | Age | Castle Age |
| 18:54 | Create | Bolas Rider |
| 18:55 | Create | Bolas Rider |
| 19:27 | Create | Villager (Male) |
| 19:31 | Create | Bolas Rider |
| 19:40 | Research | Bodkin Arrow |
| 19:47 | Build | Town Center |
| 19:55 | Research | Leather Archer Armor |
| 19:57 | Create | Bolas Rider |
| 19:58 | Create | Bolas Rider |
| 20:03 | Create | Villager (Male) |
| 20:03 | Create | Villager (Male) |
| 20:04 | Create | Villager (Male) |
| 20:04 | Create | Villager (Male) |
| 20:12 | Create | Bolas Rider |
| 20:12 | Create | Bolas Rider |
| 20:13 | Create | Villager (Male) |
| 20:13 | Create | Villager (Male) |
| 20:24 | Create | Bolas Rider |
| 20:24 | Create | Bolas Rider |
| 20:35 | Create | Villager (Male) |
| 20:35 | Create | Villager (Male) |
| 20:50 | Create | Bolas Rider |
| 20:50 | Create | Bolas Rider |
| 20:51 | Create | Bolas Rider |
| 20:58 | Create | Villager (Male) |
| 20:59 | Create | Villager (Male) |
| 21:12 | Create | Bolas Rider |
| 21:12 | Create | Bolas Rider |
| 21:22 | Create | Bolas Rider |
| 21:22 | Create | Bolas Rider |
| 21:32 | Create | Villager (Male) |
| 21:33 | Create | Villager (Male) |
| 21:33 | Create | Villager (Male) |
| 21:39 | Create | Bolas Rider |
| 21:39 | Create | Bolas Rider |
| 21:55 | Build | University |
| 22:26 | Create | Bolas Rider |
| 22:26 | Create | Bolas Rider |
| 22:26 | Create | Bolas Rider |
| 22:27 | Create | Bolas Rider |
| 22:27 | Create | Bolas Rider |
| 22:30 | Create | Villager (Male) |
| 22:31 | Create | Villager (Male) |
| 22:31 | Create | Villager (Male) |
| 22:39 | Create | Villager (Male) |
| 22:39 | Create | Villager (Male) |
| 22:55 | Build | Farm |
| 23:41 | Create | Villager (Male) |
| 23:41 | Create | Villager (Male) |
| 23:41 | Create | Villager (Male) |
| 23:46 | Build | House |
| 23:47 | Build | House |
| 23:47 | Build | House |
| 23:48 | Build | House |
| 23:57 | Research | Elite Skirmisher (upgrade) |
| 23:58 | Create | Skirmisher |
| 23:58 | Create | Skirmisher |
| 23:58 | Create | Skirmisher |
| 23:59 | Create | Skirmisher |
| 24:30 | Create | Bolas Rider |
Match timeline
| 7:31 | tuckerAOE · first_building Barracks |
| 7:54 | incolor · first_building Barracks |
| 8:06 | incolor · wall_segment Palisade Wall x1 |
| 8:55 | incolor · age_up feudal |
| 8:58 | incolor · first_building Stable |
| 9:09 | tuckerAOE · age_up feudal |
| 10:59 | incolor · wall_segment Palisade Wall x5 |
| 11:01 | incolor · wall_segment Palisade Wall x4 |
| 11:22 | tuckerAOE · first_building Archery Range |
| 12:37 | tuckerAOE · wall_segment Palisade Wall x12 |
| 12:38 | incolor · wall_segment Palisade Wall x7 |
| 13:10 | incolor · wall_segment Palisade Wall x5 |
| 14:15 | incolor · wall_segment Palisade Wall x7 |
| 16:13 | incolor · wall_segment Palisade Wall x4 |
| 18:28 | incolor · first_building Archery Range |
| 18:53 | tuckerAOE · age_up castle |
| 20:23 | incolor · age_up castle |
| 20:27 | incolor · first_building Siege Workshop |
| 26:55 | tuckerAOE · first_building Castle |
| 30:20 | tuckerAOE · first_market_buy 100 stone |
| 30:30 | tuckerAOE · first_building Monastery |
| 31:43 | incolor · first_building Castle |
| 34:12 | tuckerAOE · first_market_sell 100 stone |
| 34:48 | tuckerAOE · wall_segment Palisade Wall x1 |
| 38:09 | tuckerAOE · age_up imperial |
| 39:14 | tuckerAOE · wall_segment Palisade Wall x1 |
| 44:00 | incolor · age_up imperial |
| 48:06 | incolor · resign |
[ AI ANALYSIS · 1 CREDIT ]
What really happened in this match?
Wolo.gg analyzes every decision: build order, eco, micro, common mistakes by bracket. Personalized analysis on WhatsApp or Discord in 30 seconds.
Civ guide
Magyars
Map guide
Gold Rush
Perfil
Jugador #11874963